Map: Abyssal Reef LE

Players

Elazer - Winner!

  • Race: Zerg Zerg
  • Spawn Location: 5:00

Nerchio

  • Race: Zerg Zerg
  • Spawn Location: 11:00

Event: WCS Valencia 2017

VOD

Have the link to the VOD?

Description

Time

  • Played on: July 15, 2017, 7:01 a.m.
  • Length: 6:55

All games in this series

Show
View Real Time Build Order
Export as new Build Order

Elazer Zerg - Winner!

Build Orders: Hatch First 

Get SALT Encoding   

  12  0:00  Drone  
  13  0:12  Overlord  
  13  0:17  Drone  
  14  0:30  Drone x2  
  14  0:34  Drone  
  17  0:51  Hatchery  
  17  0:54  Drone  
  17  0:57  Drone  
  18  1:07  Extractor  
  17  1:12  Spawning Pool  
  17  1:15  Drone  
  17  1:18  Drone  
  18  1:27  Drone  
  19  1:40  Overlord  
  19  1:49  Drone  
  20  1:59  Queen  
  20  2:00  Drone  
  23  2:03  Queen, Zergling x2  
  23  2:07  Metabolic Boost  
  26  2:11  Drone  
  26  2:14  Drone  
  28  2:22  Drone  
  29  2:25  Drone  
  30  2:32  Zergling x2  
  31  2:38  Hatchery  
  31  2:41  Zergling x2  
  31  2:48  Baneling Nest  
  31  2:49  Overlord  
  30  2:53  Drone  
  30  2:55  Drone  
  30  2:57  Drone  
  33  3:06  Drone x2  
  33  3:08  Zergling x2  
  33  3:12  Zergling x2  
  37  3:16  Drone x2  
  37  3:19  Queen  
  41  3:21  Drone  
  41  3:24  Zergling x2  
  43  3:30  Zergling x2  
  43  3:31  Baneling x2  
  44  3:37  Overlord  
  43  3:44  Queen  
  43  3:47  Zergling x2  
  44  3:49  Baneling x3  
  44  3:51  Zergling x6  
  47  3:57  Zergling x2  
  47  3:58  Zergling x4  
  49  4:11  Drone x3  
  49  4:14  Hatchery  
  49  4:15  Drone  
  50  4:17  Drone  
  50  4:22  Overlord  
  51  4:29  Extractor, Overlord, Roach Warren  
  46  4:39  Overlord  
  46  4:42  Overlord  
  46  4:44  Zergling x2  
  46  4:45  Zergling x6  
  48  4:50  Overlord  
  48  4:53  Overlord  
  48  4:59  Baneling x2  
  48  5:06  Zergling x2  
  48  5:07  Zergling x2  
  50  5:11  Roach x5  
  60  5:26  Roach x5  
  67  5:31  Roach  
  67  5:34  Roach x2  
  71  5:46  Zergling x4  
  73  5:50  Zergling x8  
  73  5:56  Zergling x8  
  81  6:03  Baneling x6  
  81  6:06  Baneling  
  81  6:08  Zergling x6  
  84  6:12  Zergling x2  
  84  6:13  Zergling x4  
  84  6:15  Zergling x2  
  84  6:18  Zergling x2  
  89  6:21  Overlord  
  81  6:34  Ravager  
  81  6:36  Zergling x12  
  81  6:37  Zergling x2  
  85  6:40  Ravager  
  82  6:48  Ravager  
Show
View Real Time Build Order
Export as new Build Order

Nerchio Zerg 

Build Orders: Hatch First 

Get SALT Encoding   

  12  0:00  Drone  
  13  0:12  Overlord  
  13  0:17  Drone  
  14  0:31  Drone x2  
  14  0:34  Drone  
  17  0:52  Hatchery  
  17  0:55  Drone  
  17  0:58  Drone  
  18  1:09  Extractor  
  17  1:14  Spawning Pool  
  17  1:17  Drone  
  17  1:20  Drone  
  18  1:28  Drone  
  19  1:38  Overlord  
  19  1:50  Drone  
  20  2:01  Queen, Zergling x2  
  20  2:03  Queen  
  20  2:04  Zergling x2  
  26  2:08  Metabolic Boost  
  26  2:13  Drone  
  27  2:17  Drone  
  27  2:22  Drone  
  29  2:25  Drone  
  30  2:40  Hatchery  
  30  2:42  Zergling x2  
  30  2:45  Zergling x2  
  30  2:48  Drone  
  32  2:53  Zergling x2  
  32  2:55  Baneling Nest  
  32  2:59  Zergling x2  
  32  3:00  Zergling x2  
  35  3:05  Zergling x2  
  35  3:09  Zergling x2  
  35  3:11  Overlord  
  36  3:31  Drone x6  
  42  3:37  Queen  
  42  3:39  Overlord  
  44  3:49  Baneling x2  
  44  3:51  Queen  
  44  3:52  Overlord  
  44  4:00  Queen  
  41  4:03  Drone x2  
  41  4:05  Drone  
  44  4:12  Zergling x2, Spine Crawler  
  44  4:13  Zergling x2  
  45  4:17  Zergling x4  
  45  4:19  Baneling  
  45  4:20  Baneling  
  45  4:22  Drone  
  45  4:23  Drone  
  49  4:25  Drone  
  49  4:27  Drone  
  51  4:34  Zergling x2  
  51  4:35  Zergling x6  
  51  4:37  Drone  
  54  4:43  Drone x3  
  54  4:46  Drone  
  54  4:52  Drone x3  
  58  4:53  Drone  
  58  4:55  Baneling  
  58  4:56  Baneling  
  58  4:57  Drone  
  60  5:00  Evolution Chamber  
  60  5:01  Drone  
  60  5:04  Overlord  
  60  5:10  Overlord  
  60  5:16  Lair  
  58  5:24  Drone x2  
  58  5:25  Drone  
  58  5:26  Drone x4  
  58  5:27  Drone x2  
  58  5:28  Drone  
  66  5:29  Drone  
  66  5:32  Drone  
  67  5:40  Extractor  
  67  5:42  Extractor x2  
  65  5:49  Spine Crawler  
  62  5:50  Spine Crawler  
  62  5:52  Zergling x2, Spine Crawler  
  62  5:53  Zergling x10, Spine Crawler  
  64  6:05  Overlord x2  
  64  6:14  Baneling  
  64  6:15  Baneling x9  
  64  6:18  Zergling x18  
  65  6:37  Zergling x14  
Tags
 
Add a new tag
Caveats
  • Supply blocks, unpowered buildings, or Contaminate may cause inaccurate times.
  • Supply counts are checked every 10 seconds.